[Event "1st Semana Santa Torrevieja 2022"]
[Site "Torrevieja Alicante"]
[Date "2022.04.15"]
[Round "4.11"]
[White "Goluch, Piotr"]
[Black "Vrolijk, Liam"]
[Result "1/2-1/2"]
[ECO "A09"]
[WhiteElo "2314"]
[BlackElo "2480"]
[Annotator "TA"]
[PlyCount "96"]
[EventDate "2022.04.12"]
[EventType "swiss"]
[EventCountry "ESP"]
[SourceTitle "playchess.com"]
[Source "ChessBase"]
[SourceQuality "1"]
[TimeControl "5400+30"]

1. Nf3 d5 2. c4 d4 3. b4 c5 4. bxc5 Nc6 5. d3 Nf6 6. g3 {[%emt 0:00:17] A09: Réti Opening: 1 Nf3 d5 2 c4.} e5 7. Bg2 Bxc5 8. O-O O-O 9. Nfd2 {[%emt 0:01:23] [#]} Re8 $146 ({Predecessor:} 9... Bf5 10. Qb3 Qd7 11. Na3 Rfe8 12. Rb1 b6 13. Qb5 Rac8 14. Nb3 Bf8 15. c5 Nd5 {½-½ (43) Robeys,S-Gelens,J Brasschaat 1987}) 10. Ba3 Bxa3 11. Nxa3 Qe7 12. Qb3 Nd7 (12... h5 $11) 13. Nb5 $14 Nc5 14. Qa3 Bg4 15. Rfe1 $1 Na6 (15... h6 $14) 16. Qxe7 (16. Nd6 $16) 16... Rxe7 $11 17. Rab1 Rd8 18. Ne4 Red7 19. h3 Bf5 {[%emt 0:00:47] [#]} 20. g4 (20. Ned6 $1 $14 Rxd6 21. Nxd6 Rxd6 22. Rxb7) 20... Bxe4 $15 21. Bxe4 Nc5 22. Bd5 Ne7 23. Bg2 b6 24. Na3 g6 25. Rb5 f5 26. Nb1 e4 27. dxe4 $1 {[%emt 0:00:53] The position is equal.} fxe4 28. Nd2 e3 29. fxe3 dxe3 30. Nf1 Rd1 31. Rb1 Rxb1 32. Rxb1 Kg7 33. Rc1 Kf6 34. Nxe3 Rd2 35. Rc2 Rxc2 36. Nxc2 $11 {[%emt 0:00:03][%mdl 4096] Endgame KBN-KNN} Ke5 37. Kf2 Na4 38. Ke3 Nb2 39. Na3 g5 40. Be4 Nd1+ $1 41. Kf3 h6 42. Bc2 Nc3 43. Bb3 Nc6 44. e3 {[%emt 0:02:39] Prevents Nd4+.} Nb4 45. Nb5 Nxb5 46. cxb5 {[%emt 0:00:20] [#] Ke2 is the strong threat.} Nd3 47. Ke2 Nc5 48. Bc2 Nd7 {[%emt 0:00:42] Weighted Error Value: White=0.11 (very precise) /Black=0.09 (flawless)} 1/2-1/2

[Event "1st Semana Santa Torrevieja 2022"]
[Site "Torrevieja Alicante"]
[Date "2022.04.15"]
[Round "4.12"]
[White "Gomez Ledo, Roberto Carlos"]
[Black "Macias Pino, Diego"]
[Result "1/2-1/2"]
[ECO "D02"]
[WhiteElo "2471"]
[BlackElo "2317"]
[Annotator "TA"]
[PlyCount "93"]
[EventDate "2022.04.12"]
[EventType "swiss"]
[EventCountry "ESP"]
[SourceTitle "playchess.com"]
[Source "ChessBase"]
[SourceQuality "1"]
[TimeControl "5400+30"]

1. d4 Nf6 2. Nf3 d5 3. c3 e6 4. Bf4 Bd6 5. e3 c5 6. Nbd2 {[%emt 0:00:43] D02: 1 d4 d5 2 Nf3 sidelines, including 2...Nf6 3 g3 and 2...Nf6 3 Bf4.} O-O $1 {[%emt 0:02:02] The main line 6...0-0 scores better than 6...Qc7.} 7. Bd3 Bxf4 8. exf4 {[%emt 0:00:10] The position is equal.} b6 9. O-O {[%emt 0:03:47] [#]} a5 $146 ({Predecessor:} 9... Ba6 10. Qe2 Bxd3 11. Qxd3 Nc6 12. Rfe1 Qd6 13. g3 Rac8 14. Re2 cxd4 15. Nxd4 Nxd4 16. Qxd4 {1-0 (42) Svane,R (2637)-Keymer,V (2655) Chess.com INT 2022}) 10. Re1 Ba6 11. Bc2 g6 12. Ne5 Nfd7 13. Qg4 Qf6 14. Ndf3 {[%emt 0:01:24] &Bianco is much more active.} Qg7 15. Rad1 Ra7 16. h4 Rc7 17. Bb1 cxd4 18. cxd4 Nf6 19. Qh3 Nh5 20. g3 Nc6 21. Nxc6 (21. Ng5 {is interesting.} Qf6 22. a3 Qe7 23. Nxh7 Kxh7 24. Nxg6 fxg6 25. Rxe6 Bc8 26. Rxe7+ Rxe7 27. Qf1) 21... Rxc6 22. Kg2 Rc7 23. Qh1 Rfc8 24. Rc1 Qf8 25. Rxc7 Rxc7 26. Rc1 Qc8 27. Rxc7 Qxc7 28. Qd1 Nf6 29. Ne5 Nd7 30. Qc2 Qxc2 31. Bxc2 $11 {[%emt 0:00:10][%mdl 4096] Endgame KBN-KBN} Nb8 32. Kf3 f6 33. Ng4 Nc6 34. Ke3 ({Don't go for} 34. Nxf6+ $2 Kf7 35. Nxd5 Nxd4+ 36. Ke4 Nxc2 $19) 34... Kf7 35. Nh2 Nd8 36. g4 Nb7 37. g5 Nd6 38. b3 {[%emt 0:02:20] Inhibits Nc4+.} f5 39. Nf3 Ke7 40. Ne5 Nf7 41. Nf3 Nd6 42. Nd2 Nf7 43. Bd1 h5 (43... Nd6 $11) 44. a3 {[%emt 0:03:44] White is slightly better.} Bb5 45. Nf3 Kd6 46. Kd2 Kc7 47. Kc3 {[%emt 0:41:18] Weighted Error Value: White=0.04 (flawless) /Black=0.07 (flawless)} (47. a4 $5 Ba6 48. Kc3 $11) 1/2-1/2

[Event "1st Semana Santa Torrevieja 2022"]
[Site "Torrevieja Alicante"]
[Date "2022.04.15"]
[Round "4.13"]
[White "Aagaard, Jacob"]
[Black "Van Dael, Siem"]
[Result "1-0"]
[ECO "B53"]
[WhiteElo "2465"]
[BlackElo "2303"]
[Annotator "TA"]
[PlyCount "47"]
[EventDate "2022.04.12"]
[EventType "swiss"]
[EventCountry "ESP"]
[SourceTitle "playchess.com"]
[Source "ChessBase"]
[SourceQuality "1"]
[TimeControl "5400+30"]

1. e4 {[%emt 0:00:11] Kritz,Leonid} c5 2. Nf3 d6 3. Nc3 Nf6 4. d4 cxd4 5. Qxd4 Nc6 6. Bb5 Bd7 7. Qd3 a6 8. Bxc6 Bxc6 9. Bg5 e6 10. O-O-O Be7 11. Nd4 Qc7 12. f4 O-O 13. h4 {[%emt 0:08:51] [#] B53: Sicilian: 2...d6: Lines with Qxd4.} Bb5 $146 (13... Rac8 $11) ({Predecessor:} 13... Rfd8 14. f5 e5 15. Bxf6 Bxf6 16. Nde2 Rac8 17. Rd2 Qa5 18. g4 b5 19. g5 Be7 {1-0 (61) Macieja,B (2592)-Vogt,L (2484) Germany 2006 CBM 112 [Kritz,Leonid]}) 14. Qf3 (14. Ndxb5 $16 axb5 15. Nxb5 (15. Qxb5 Rfc8 $11)) 14... h5 ({Black should try} 14... Rfc8 $14) 15. Bxf6 {[%emt 0:11:53] White is better.} ({Of course not} 15. Ndxb5 $6 axb5 16. Nxb5 Qa5 $11) 15... Bxf6 16. Qxh5 ({Don't play} 16. Ncxb5 axb5 17. Qb3 b4 $11) 16... Bc4 17. Rh3 {[%emt 0:11:18] &Bianco is more active.} Rfd8 18. Rg3 Qc5 $2 {[%emt 0:02:46][%mdl 8192] This move loses the game for Black.} (18... Rac8 $1 $14) 19. e5 $1 $18 dxe5 {[%emt 0:11:09] [#]} 20. Ne4 $1 Qe7 (20... Rxd4 21. Nxf6+) 21. fxe5 Bxh4 {[%emt 0:00:49] [#]} 22. Rg4 (22. Rh1 $142 $1 g6 (22... Be2 23. Nxe2) 23. Rxh4 Qxh4 24. Qxh4 Rxd4 25. Rh3 Kf8 {[#]} 26. Qf6 $1 Rd1+ 27. Kxd1) 22... f5 23. Rxh4 fxe4 24. Qh7+ {[%emt 0:00:07] Weighted Error Value: White=0.18 (very precise) /Black=1.85} (24. Qh8+ $142 Kf7 25. Rf4+ Kg6 26. Rg4+ Qg5+ 27. Rxg5+ Kxg5 28. Qxg7+ Kf4 29. g3+ Ke3 30. Qh6+ Kf2 31. Qh2+ Ke3 32. Qg1#) 1-0

[Event "1st Semana Santa Torrevieja 2022"]
[Site "Torrevieja Alicante"]
[Date "2022.04.15"]
[Round "4.15"]
[White "Movsziszian, Karen"]
[Black "Prado Lobo, Jonas"]
[Result "1-0"]
[ECO "D02"]
[WhiteElo "2441"]
[BlackElo "2309"]
[Annotator "TA"]
[PlyCount "95"]
[EventDate "2022.04.12"]
[EventType "swiss"]
[EventCountry "ESP"]
[SourceTitle "playchess.com"]
[Source "ChessBase"]
[SourceQuality "1"]
[TimeControl "5400+30"]

1. g3 d5 2. Nf3 Nc6 3. d4 Bf5 4. Bg2 Nb4 5. Na3 e6 6. O-O Nc6 {[%emt 0:00:02] D02: 1 d4 d5 2 Nf3 sidelines, including 2...Nf6 3 g3 and 2...Nf6 3 Bf4.} 7. b3 Nf6 8. Bb2 Be7 {[%emt 0:01:54] The position is equal.} 9. c4 (9. Nh4 $5 ) 9... O-O {[%emt 0:00:59] [#]} 10. Nb5 $146 (10. Nh4 $5 ) ({Predecessor:} 10. Nc2 h6 11. Rc1 Be4 12. Ne3 a5 13. a3 Nb8 14. Bh3 c6 15. Ne5 Nbd7 16. Nd3 {1-0 (68) Rodshtein,M (2599)-Donchenko,A (2641) Chess.com INT 2021}) 10... Ne4 11. Rc1 a6 12. Nc3 Nxc3 13. Rxc3 Be4 14. a3 Bf6 15. Rc1 dxc4 16. Rxc4 Qd6 17. e3 Rad8 18. Qe2 Bd5 19. Rc5 (19. Rcc1 $5 ) 19... Bxb3 (19... e5 $11) 20. Rfc1 $14 Ba4 21. Qc4 {[%emt 0:00:07] Black is now going downhill.} b5 {[%emt 0:05:04] [#]} 22. Qc3 $1 $18 Na7 23. Rxc7 Rc8 24. Ne5 (24. Rxc8 $6 Rxc8 25. Qxc8+ Nxc8 26. Rxc8+ Bd8 $16) 24... Bxe5 25. dxe5 ({Don't take} 25. Rxc8 $6 Nxc8 26. Qxc8 (26. dxe5 Qd8 $16) 26... Bf6 $16) 25... Qxc7 {[%emt 0:00:15] [#]} (25... Qd8 {is a better chance.} 26. Bb7 Rxc7 27. Qxc7 b4) 26. Qxc7 Rxc7 27. Rxc7 Nc8 28. Bd4 {[%emt 0:00:23] Inhibits Nb6.} b4 29. Bb7 bxa3 30. Rxc8 ({Less strong is} 30. Bxc8 Bb5 31. Bb7 Rb8 $18) 30... Rxc8 31. Bxc8 Bb5 32. f3 a2 33. Kf2 g5 34. Bb7 Kf8 35. Ke1 Ke7 36. Kd2 Kd7 37. Kc2 Bc6 (37... Bc4 $142 38. f4 g4) 38. Bxc6+ Kxc6 {[%emt 0:00:48][%mdl 4096] Endgame KB-KP} 39. e4 Kb5 40. Kb3 h6 41. h4 gxh4 42. gxh4 {[%emt 0:00:01] White mates.} h5 43. Kxa2 Kc4 44. Be3 Kd3 45. Bg5 Ke2 46. f4 Kf3 47. Kb3 Kxe4 48. Kb4 {[%emt 0:00:00] Weighted Error Value: White=0.15 (very precise) /Black=0.32} 1-0

[Event "1st Semana Santa Torrevieja 2022"]
[Site "Torrevieja Alicante"]
[Date "2022.04.15"]
[Round "4.16"]
[White "Cruz Lledo, Pablo"]
[Black "Villa Tornero, Alex"]
[Result "1-0"]
[ECO "E14"]
[WhiteElo "2430"]
[BlackElo "2054"]
[Annotator "TA"]
[PlyCount "159"]
[EventDate "2022.04.12"]
[EventType "swiss"]
[EventCountry "ESP"]
[SourceTitle "playchess.com"]
[Source "ChessBase"]
[SourceQuality "1"]
[TimeControl "5400+30"]

1. d4 d5 2. Nf3 Nf6 3. e3 e6 4. c4 b6 5. a3 Bb7 6. cxd5 {[%emt 0:00:16] E14: Queen's Indian: Classical Variation (4 e3).} exd5 7. b4 {[%emt 0:00:16] [#]} Ne4 $146 ({Predecessor:} 7... Bd6 8. Bd3 Ne4 9. Nfd2 O-O 10. Bxe4 dxe4 11. Nc3 Re8 12. h3 Re6 13. Bb2 Nd7 {0-1 (29) Mostowik,D (1838)-Willmann,B (2052) LSS email 2013}) 8. Be2 {[%emt 0:01:40] The position is equal.} Bd6 9. O-O Nd7 10. Bb2 Qf6 11. Nc3 Nxc3 12. Bxc3 g5 (12... Qe7 $11) 13. Rc1 Qh6 (13... O-O $142) 14. Ne5 $16 O-O-O 15. f4 Rhf8 (15... Qg7 $16 {was worth a try.}) 16. Qa4 $18 gxf4 17. exf4 ({White has to play} 17. Qxa7 $18 {aiming for Ba6.} Bxe5 18. dxe5) 17... Bxe5 (17... f6 $14 18. Ng4 Qg6) 18. dxe5 $16 Rg8 19. Bd4 Qg6 (19... Kb8 $16) 20. Bf3 Kb8 21. Qc2 Qxc2 22. Rxc2 Ba6 23. Re1 (23. Bxd5 Bxf1 24. Bxf7 (24. Kxf1 Nf8 $17) 24... Rg4 $1 $17) (23. Rfc1 $18) 23... Nf8 24. Bf2 {[%emt 0:03:54] Strongly threatening Rd2. 0x0.001c68f4b568dp-1022s more active pieces. The black rooks are badly placed.} Ne6 25. f5 Ng5 26. Bg4 h5 27. Bxh5 Bd3 28. Rb2 (28. Rd2 $14 Bxf5 29. Be3) 28... Bxf5 $11 29. h4 Rh8 30. Bd1 Ne4 31. h5 Rdg8 32. Be3 $1 Bg4 {[%emt 0:01:17] Threatens to win with ...Bxd1.} 33. h6 Be6 34. Bb3 (34. Rf1 $11) 34... Ng5 $15 35. Rd1 Nf3+ ({Black should try} 35... Rxh6 $15 36. Bxd5 Rh5) 36. Kf1 (36. Kf2 $5 Nxe5 37. Bf4 $11 (37. Bxd5 Ng4+ 38. Kf3 Nxe3 $17)) 36... Nxe5 37. Bf4 $1 ({Much worse is} 37. Bxd5 Bxd5 38. Rxd5 Nc4 $17) 37... Ng6 38. Bg5 {[%emt 0:00:16] This bishop pair is nice.} f6 ({Black should play} 38... Ne5 $11 39. Bf4 (39. Bf6 Nc4 $11) 39... Nc4) 39. Bc1 $1 $14 f5 (39... Ne5 $14) 40. Bxd5 ({Better is} 40. Re2 $16 Bf7 41. Rf2 (41. Bxd5 Rd8 $16)) 40... Bxd5 (40... Rd8 $1 $14 41. Rbd2 Bc8) 41. Rxd5 $18 f4 42. Rh5 Rh7 43. Re2 Rgh8 44. Re6 Rxh6 45. Rxh6 Rxh6 {[%emt 0:00:00][%mdl 4096] Endgame KRB-KRN} 46. Kf2 $2 (46. Kg1 $18) 46... Rh1 $14 47. Bd2 Nh4 (47... Rd1 $2 48. Ke2 Rxd2+ 49. Kxd2 $18) 48. Bxf4 Ra1 $1 49. g4 (49. g3 $1 $14 Ra2+ 50. Re2 Rxe2+ 51. Kxe2) 49... Rxa3 $11 50. Be3 a5 51. bxa5 Rxa5 52. Bf4 Ra3 {[%emt 0:00:39] Hoping for ...Rf3+.} 53. Rxb6+ Kc8 54. Rf6 {[%emt 0:00:02] And now Bg5 would win.} Kd7 55. Be3 Ra5 56. Kg3 Ra3 57. Kf2 Ra2+ 58. Kg3 Ra3 59. Kxh4 $2 (59. Rf7+ $11 Ke6 60. Rxc7) 59... Rxe3 {[%emt 0:00:01] KR-KR} 60. g5 Re6 $4 (60... Ke7 61. Rf5 Ke6) 61. Rf1 Ke7 $4 (61... c5 62. Rf3 Re1) 62. Kh5 Re2 63. g6 Rg2 $4 (63... Rh2+ 64. Kg5 c5) 64. Rf7+ Ke8 $4 {[%emt 0:00:16][%mdl 8192] [#]} (64... Kd6 65. Rf6+ Ke7) 65. Kh6 $1 {[%emt 0:00:07] White mates.} ({Inferior is} 65. Rxc7 Kf8 $11) 65... c5 66. Rc7 Rh2+ {[%emt 0:00:59] [#]} 67. Kg7 $1 Rh5 68. Kf6 Rh1 69. Rc8+ Kd7 70. Rxc5 Rf1+ 71. Kg7 Ke7 72. Re5+ Kd7 73. Kh7 Rh1+ 74. Kg8 Rg1 75. g7 Kd6 76. Re8 Kd7 77. Re4 Rf1 78. Kh7 Rh1+ 79. Kg6 Rg1+ 80. Kf6 {[%emt 0:00:06] Both players deserved the win here.  Weighted Error Value: White=0.23 (precise) /Black=0.22 (precise)} 1-0

[Event "1st Semana Santa Torrevieja 2022"]
[Site "Torrevieja Alicante"]
[Date "2022.04.15"]
[Round "5.1"]
[White "Aagaard, Jacob"]
[Black "Moussard, Jules"]
[Result "0-1"]
[ECO "E11"]
[WhiteElo "2465"]
[BlackElo "2630"]
[Annotator "TA"]
[PlyCount "104"]
[EventDate "2022.04.12"]
[EventType "swiss"]
[EventCountry "ESP"]
[SourceTitle "playchess.com"]
[Source "ChessBase"]
[SourceQuality "1"]
[TimeControl "5400+30"]

1. d4 Nf6 2. c4 e6 3. g3 d5 4. Nf3 Bb4+ 5. Bd2 Be7 6. Bg2 O-O 7. O-O c6 8. Qc2 Nbd7 {[%emt 0:00:20] Nowadays more popular than 8...b6.} 9. Rd1 b6 10. b3 a5 {[%emt 0:04:56] E11: Bogo-Indian.} 11. Bc3 Ne4 12. Ne5 Nxe5 {[%emt 0:01:10] The position is equal.} 13. Bxe4 f5 14. Bg2 Nf7 15. Nd2 Ba6 {[%emt 0:01:49] [#]} 16. Qb2 $146 ({Predecessor:} 16. e3 Qd7 17. a4 Rac8 18. Qb2 Qa7 19. b4 axb4 20. Bxb4 c5 21. Bc3 dxc4 22. dxc5 Rxc5 23. Bxg7 {1-0 (90) Mesaros,F (2373)-Martinovic,S (2550) Germany 2017}) 16... b5 17. cxb5 cxb5 {[%emt 0:03:49] White must now prevent ...b4.} 18. b4 a4 19. Nf3 Rc8 20. Ne1 Nd6 21. Nd3 Rc7 22. e3 g5 23. Nc5 Bc8 24. Qe2 g4 25. h3 gxh3 26. Bxh3 (26. Bf3 {seems wilder.} Nc4 27. Kh2 Bd6 28. Rac1) 26... Qe8 27. Rac1 (27. Kh2 {feels hotter.} Ne4 28. Rac1 Bd6 29. Rh1) 27... Bd8 28. Kg2 Rg7 29. Rh1 Ne4 30. Nxe4 (30. Kf1 $14) 30... fxe4 $11 31. Bg4 {[%emt 0:01:15] Inhibits h5.} Bd7 32. Rh2 Qg6 33. Bh5 Qf5 34. Rg1 Be7 35. Kf1 (35. Rc1 $11) 35... Rc8 $36 {[%emt 0:00:50][%mdl 2048] Black is in control. &Nero is more active. Black converts the advantage convincingly.} 36. Qd2 (36. Qe1 $17 {is a better defense.}) 36... a3 37. Kg2 Be8 38. Be2 Bd6 ({Inferior is} 38... Rf7 39. Bh5 $17) 39. Rc1 {[%emt 0:00:09] [#]} Rgc7 $1 (39... Rf7 40. Qe1 $17) 40. Rhh1 Qf8 ({And not} 40... Rf7 41. Bh5 Rf8 42. Bd1 $17) 41. Bg4 Qe7 42. Rc2 Kg7 43. Rb1 $2 (43. Rhc1 {might work better.}) 43... h5 $19 44. Bd1 h4 45. Rb3 (45. g4 $142 h3+ 46. Kg1) 45... Qg5 (45... hxg3 $142 46. Qe2 Bg6 47. fxg3 Qf6 48. Rxa3 Qf3+ 49. Qxf3 exf3+ 50. Kxf3 Bxc2 51. Bxc2 Rxc3 52. Ra7+ Kf6) 46. g4 (46. Qe2 $142 hxg3 47. Qg4) 46... Bh5 47. Kh3 {[%emt 0:00:11] [#]} Rf7 $1 {[%emt 0:00:38] Black mates.} 48. Qe1 (48. Qe2 Rf3+) 48... Rcf8 49. f4 {[%emt 0:00:11] [#]} exf3 $1 50. Qxh4 {[%emt 0:00:05] [#]} (50. Qg1 Bg3) 50... Bxg4+ $1 51. Qxg4 Rh8+ 52. Qh4 Rxh4# {[%emt 0:00:37] Weighted Error Value: White=0.51/Black=0.14 (very precise)} 0-1

[Event "1st Semana Santa Torrevieja 2022"]
[Site "Torrevieja Alicante"]
[Date "2022.04.15"]
[Round "5.2"]
[White "Batsiashvili, Nino"]
[Black "Yuffa, Daniil"]
[Result "0-1"]
[ECO "E46"]
[WhiteElo "2491"]
[BlackElo "2576"]
[Annotator "TA"]
[PlyCount "72"]
[EventDate "2022.04.12"]
[EventType "swiss"]
[EventCountry "ESP"]
[SourceTitle "playchess.com"]
[Source "ChessBase"]
[SourceQuality "1"]
[TimeControl "5400+30"]

1. d4 Nf6 2. c4 e6 3. Nc3 Bb4 4. e3 O-O 5. Bd2 c5 6. a3 {[%emt 0:01:34] E46: Nimzo-Indian: Rubinstein: 4 e3 0-0 5 Ne2 without early Bd3.} Bxc3 7. Bxc3 Ne4 8. Rc1 {[%emt 0:00:13] The position is equal.} d6 9. Bd3 Nxc3 (9... Qh4 {is interesting.} 10. Qc2 Nxc3 11. Nf3 Qh5) 10. Rxc3 Nd7 11. Ne2 b6 12. O-O Bb7 {[%emt 0:08:54] [#]} 13. Qb1 $146 (13. Qc2 {seems wilder.} Qh4 14. Rd1 Rad8 15. g3) ({Predecessor:} 13. d5 exd5 14. cxd5 Ne5 15. Bb1 Ba6 16. Re1 Bxe2 17. Qxe2 Qh4 18. e4 Rfe8 19. Qd2 b5 20. b3 {½-½ (20) Wengholm,A-Gromark,P Sweden 1994}) 13... h6 14. b4 Rc8 15. Rd1 Qg5 {[%emt 0:11:47][%csl Gb7][%cal Rg5g2] [#]} 16. Be4 Bxe4 17. Qxe4 cxb4 18. axb4 Rc7 {[%emt 0:00:09] Prevents Qb7.} 19. Qc2 a5 20. f4 Qh4 21. bxa5 bxa5 22. Ng3 Nf6 23. Ra1 Rfc8 {[%emt 0:04:22][%cal Of6d5] Hoping for ...Nd5!} 24. Qe2 Rb7 25. c5 Nd5 26. Rcc1 dxc5 27. Rxa5 ({Better is} 27. dxc5 $15 Rb3 28. Qa6) 27... c4 $1 $17 28. Rc5 Rxc5 {[%emt 0:00:28] &Nero is more active.} 29. dxc5 c3 30. Qf3 {[%emt 0:02:57] [#]} Rc7 (30... Qe7 $1 $19 31. c6 Rb2) 31. Ne4 {[%emt 0:01:20] Now White is beyond hope.} ({White should try} 31. Ne2 $15) 31... f5 $19 32. Nxc3 (32. Nf2) 32... Nxc3 33. Qa8+ (33. c6 $142) 33... Kh7 {[%emt 0:00:11] ( -> ...Ne2+)} 34. Qa5 Ne2+ {[%emt 0:01:32] Black mates.} 35. Kf1 Nxc1 36. Qxc7 Qg4 {[%emt 0:00:14] Weighted Error Value: White=0.60/Black=0.05 (flawless)} 0-1

[Event "1st Semana Santa Torrevieja 2022"]
[Site "Torrevieja Alicante"]
[Date "2022.04.15"]
[Round "5.3"]
[White "Movsziszian, Karen"]
[Black "Dardha, Daniel"]
[Result "1/2-1/2"]
[ECO "A08"]
[WhiteElo "2441"]
[BlackElo "2541"]
[Annotator "TA"]
[PlyCount "90"]
[EventDate "2022.04.12"]
[EventType "swiss"]
[EventCountry "ESP"]
[SourceTitle "playchess.com"]
[Source "ChessBase"]
[SourceQuality "1"]
[TimeControl "5400+30"]

1. g3 c5 2. Bg2 Nc6 3. e4 Nf6 4. d3 d5 5. Nd2 e5 6. Ngf3 Be7 7. O-O O-O 8. Qe2 {[%emt 0:05:56] A08: King's Indian Attack.} dxe4 9. dxe4 Nd4 10. Qd1 {[%emt 0:00:05] [#]} Nxf3+ $146 ({Predecessor:} 10... Qc7 11. c3 Nxf3+ 12. Nxf3 Rd8 13. Qc2 c4 14. Nh4 Rd3 15. Bg5 h6 16. Bxf6 Bxf6 {½-½ (25) Skeels,J (2134)-Schubert,K (1837) LSS email 2013}) 11. Nxf3 Qc7 12. Bg5 c4 ({Much weaker is} 12... Nxe4 13. Bxe7 Qxe7 14. Qd5 $11) 13. c3 Be6 (13... Nxe4 14. Bxe7 Qxe7 15. Re1 $14) 14. Qe2 h6 15. Bxf6 Bxf6 16. Rfd1 Be7 17. Nd2 Bc5 18. Nf1 Qb6 19. Ne3 Bxe3 20. Qxe3 Qxe3 21. fxe3 Rfd8 22. Kf2 Kf8 23. Bf3 Ke7 24. Rxd8 Kxd8 $17 {[%emt 0:01:40][%mdl 4096] Endgame KRB-KRB} 25. Rd1+ Kc7 26. Ke1 b5 27. Kd2 Bd7 28. Rf1 Rd8 {[%emt 0:02:34] [#] Hoping for ...Bh3+.} 29. Kc1 Bc6 30. Bd1 f6 (30... Bxe4 $6 31. Rxf7+ Rd7 32. Rf8 $11) 31. Bc2 a5 32. Rd1 Rh8 33. b3 cxb3 34. axb3 h5 35. h4 g5 36. Rf1 gxh4 37. gxh4 Rg8 38. Bd1 {[%emt 0:03:46] Against Rg4} ({But not} 38. Rxf6 a4 39. Rf2 Rg3 $17) 38... Bxe4 39. Rxf6 {[%emt 0:02:00] The position is equal.} Rg1 40. Kd2 Rg2+ 41. Kc1 Ra2 42. Re6 Ra1+ 43. Kd2 Ra2+ 44. Kc1 Ra1+ 45. Kd2 Ra2+ {[%emt 0:01:32] Weighted Error Value: White=0.06 (flawless) /Black=0.07 (flawless)} 1/2-1/2

[Event "1st Semana Santa Torrevieja 2022"]
[Site "Torrevieja Alicante"]
[Date "2022.04.15"]
[Round "5.4"]
[White "Cruz Lledo, Pablo"]
[Black "Rakotomaharo, Fy Antenaina"]
[Result "1/2-1/2"]
[ECO "D78"]
[WhiteElo "2430"]
[BlackElo "2474"]
[Annotator "TA"]
[PlyCount "60"]
[EventDate "2022.04.12"]
[EventType "swiss"]
[EventCountry "ESP"]
[SourceTitle "playchess.com"]
[Source "ChessBase"]
[SourceQuality "1"]
[TimeControl "5400+30"]

1. d4 Nf6 2. Nf3 g6 3. g3 d5 4. Bg2 Bg7 5. O-O O-O 6. Nbd2 c6 7. c4 a5 8. b3 Bf5 9. Bb2 Ne4 10. Nh4 Nxd2 11. Qxd2 Be6 12. e4 {[%emt 0:06:51] D78: Fianchetto Grünfeld: 6 0-0 c6.} dxc4 13. d5 {[%emt 0:00:17] [#] Hoping for Bxg7.} c3 14. Bxc3 Bxc3 15. Qxc3 cxd5 16. Rfd1 d4 17. Rxd4 Qb6 {[%emt 0:00:12] [#]} 18. Nf3 $146 ({Predecessor:} 18. e5 Rc8 19. Qd2 Rc2 20. Rd8+ Kg7 21. Qxc2 Qxd8 22. Bxb7 Ra7 23. Rd1 Qb6 24. Be4 {½-½ (30) Kozusek,D (2172)-Piesik,P (2306) Czech Republic 2016}) 18... Rc8 19. Qd2 Nc6 20. Ra4 Qd8 {[%emt 0:17:08] [#] Threatens to win with ...Qxd2.} 21. Qh6 {[%emt 0:01:32] White wants to mate with Ng5.} Qf8 (21... f6 {with more complications.} 22. e5 Nb4 23. Re1 Bf7) 22. Qxf8+ Kxf8 23. Nd4 Nxd4 24. Rxd4 Rc2 25. e5 Rb8 26. b4 axb4 (26... b6 $15) 27. Rxb4 $11 {[%emt 0:00:07] The position is equal.} Rxa2 28. Rxa2 Bxa2 29. Rxb7 Rxb7 30. Bxb7 Ke8 {[%emt 0:00:34] Weighted Error Value: White=0.09 (flawless) /Black=0.10 (very precise)} 1/2-1/2

[Event "1st Semana Santa Torrevieja 2022"]
[Site "Torrevieja Alicante"]
[Date "2022.04.15"]
[Round "5.5"]
[White "Cuenca Jimenez, Jose Fernando"]
[Black "Suarez Uriel, Adrian"]
[Result "1-0"]
[ECO "D97"]
[WhiteElo "2552"]
[BlackElo "2348"]
[Annotator "TA"]
[PlyCount "114"]
[EventDate "2022.04.12"]
[EventType "swiss"]
[EventCountry "ESP"]
[SourceTitle "playchess.com"]
[Source "ChessBase"]
[SourceQuality "1"]
[TimeControl "5400+30"]

1. d4 Nf6 2. c4 g6 3. Nc3 d5 4. Nf3 Bg7 5. Qb3 dxc4 6. Qxc4 O-O 7. e4 Nc6 8. Be2 e5 {[%emt 0:00:06][%cal Re5d4] is currently scoring better than 8...Bg4. D97: Grünfeld: Russian System: 7 e4, replies other than 7...Bg4.} 9. dxe5 Ng4 10. Nd5 {[%emt 0:01:27] With the idea Bg5.} Be6 {[%emt 0:20:07] The position is equal.} 11. O-O Ngxe5 (11... Ncxe5 {seems wilder.} 12. Qxc7 Nxf3+ 13. Bxf3 Ne5) 12. Nxe5 Nxe5 13. Qxc7 Bxd5 14. Qxd8 Rfxd8 15. exd5 Rxd5 16. Be3 Nc6 17. Rfd1 Rad8 18. Rxd5 Rxd5 19. Rb1 {[%emt 0:00:39] [#]} Bd4 $146 ({Predecessor:} 19... Nd4 20. Bc4 Rd7 21. Bf1 h5 22. g3 b6 23. Bh3 Rd5 24. Bg2 Rd7 25. Bh3 Rd5 {½-½ (36) Basso,P (2550)-Rakotomaharo,F (2435) Paleochora 2021}) 20. Rd1 Re5 21. Bxd4 Nxd4 $11 {[%emt 0:00:03][%mdl 4096] Endgame KRB-KRN} 22. Bc4 b5 23. Bf1 Rd5 {[%emt 0:00:09][%cal Od4f3] [#] Threatens to win with ...Nf3+!} 24. Rd3 {[%emt 0:01:54] Prevents Nf3+.} b4 25. f4 h5 26. Kf2 Rd6 27. g3 Kf8 28. Bh3 Ke7 29. Ke3 Nc2+ 30. Ke2 $1 Nd4+ 31. Kf2 a5 32. Rd2 Kf6 33. Bf1 Ke7 34. Bc4 f6 35. Rd3 Rd8 36. b3 h4 (36... Rd7 $11 {remains equal.}) 37. gxh4 $16 Rd6 38. Kg3 f5 39. h5 Ne2+ $2 {[%emt 0:00:22][%mdl 8192] Loses the game.} (39... gxh5 $16 40. Kh4 Kf6) 40. Kf3 $18 Nd4+ 41. Ke3 Nc2+ 42. Kd2 $1 {[%emt 0:00:20] [#] aiming for Rxd6.} Nd4 43. hxg6 {[%emt 0:01:29] g7 is the strong threat.} Kf6 44. Bf7 $2 (44. Ke3 Nc2+ 45. Kf2 Rxd3 46. Bxd3) 44... Kg7 {[%emt 0:00:03] White is clearly winning.} 45. Kd1 Kf6 46. h4 Kg7 47. h5 Rd8 48. Ke1 Nc2+ 49. Kd2 Nd4 50. Bc4 Kf6 51. Ke3 Nc2+ 52. Kf2 Rxd3 53. Bxd3 Nd4 54. Bc4 Nc2 55. Ke2 Nd4+ 56. Kd3 Nf3 57. Bd5 Ne1+ {[%emt 0:00:08] Weighted Error Value: White=0.03 (flawless) /Black=0.13 (very precise)} 1-0